 Dungeon Crawl Stone Soup version 0.22-a0-396-g3f858e3 (webtiles) character file.

774 wjh11 the Cleaver (level 7, 0/58 HPs)
             Began as a Minotaur Berserker on May 3, 2018.
             Was a Priest of Trog.
             Succumbed to a worker ant's poison
             ... on level 5 of the Dungeon.
             The game lasted 00:06:40 (5249 turns).

wjh11 the Cleaver (Minotaur Berserker)              Turns: 5249, Time: 00:06:41

Health: 0/58       AC:  4    Str: 24    XL:     7   Next: 53%
Magic:  6/6        EV: 12    Int:  4    God:    Trog [***...]
Gold:   127        SH:  0    Dex:  9    Spells: 6/6 levels left

rFire    . . .     SeeInvis .   q - +1 hand axe (pain)
rCold    . . .     Gourm    .   (no shield)
rNeg     . . .     Faith    .   b - +0 animal skin
rPois    .         Spirit   .   (helmet restricted)
rElec    .         Reflect  .   d - +0 cloak
rCorr    .         Harm     .   j - +0 pair of gloves
MR       .....                  (no boots)
Stlth    +.........             (no amulet)
HPRegen  0.19/turn              (no ring)
MPRegen  0.10/turn              (no ring)

@: lethally poisoned (0 -> -1), berserk cooldown, slowed, very slow
A: retaliatory headbutt, horns 2
a: Berserk, Trog's Hand, Renounce Religion


You were on level 5 of the Dungeon.
You worshipped Trog.
Trog was most pleased with you.
You were very hungry.

You visited 1 branch of the dungeon, and saw 5 of its levels.

You collected 127 gold pieces.

Inventory:

Hand Weapons
 a - a +0 hand axe
 q - a +1 hand axe of pain (weapon)
Armour
 b - a +0 animal skin (worn)
 d - a +0 cloak (worn)
 j - a +0 pair of gloves (worn)
 r - a +1 chain mail of cold resistance
Jewellery
 f - an uncursed ring of protection from magic {unknown}
 u - an uncursed ring of ice {unknown}
Scrolls
 e - 5 scrolls of identify {unknown}
 g - 5 scrolls of teleportation {unknown}
 k - 2 scrolls of enchant armour {unknown}
 n - a scroll of random uselessness {unknown}
 o - a scroll of blinking {unknown}
 x - a scroll of fear {unknown}
 y - a scroll of noise {unknown}
Potions
 h - 3 potions of brilliance {unknown}
 i - 2 potions of lignification {unknown}
 l - a potion of heal wounds {unknown}
 m - a potion of curing {unknown}
 p - a potion of might {unknown}
 s - a potion of agility {unknown}
 t - a potion of degeneration {unknown}
 v - a potion of haste {unknown}
Comestibles
 c - 8 rations


   Skills:
 - Level 3.9 Fighting
 + Level 10.3 Axes
 - Level 2.8 Armour
 - Level 2.5 Dodging


You had 6 spell levels left.
You didn't know any spells.

Dungeon Overview and Level Annotations

Branches:
Dungeon (5/15)
 Temple: D:4-7

Altars:

Shops:
D:4 =


Innate Abilities, Weirdness & Mutations

You reflexively headbutt those who attack you in melee.
You have a pair of horns on your head.


Message History

The orc wizard hits you but does no damage.
You hit the orc wizard.
You kill the orc wizard!
Trog accepts your kill.
Trog appreciates your killing of a magic user.
* * * LOW HITPOINT WARNING * * *
You feel sick.
Things that are here:
a dagger; a robe; an orc corpse You are too berserk!
You feel a strong urge to attack something.
You are no longer berserk.
You are exhausted.
You feel yourself slow down.
You hit the orc.
You kill the orc!
Trog accepts your kill.
You hit the orc.
The orc is severely wounded.
You die...

..# .# #.#...#..
#...#...# #.#...#. #
#####...#...#..
#.....#...#...#
#......)#...#.
#.####.....#...#...
#.....o@).†(.#...#.
...[.#$....(...#...#
... #.....(.....#..
. #.............#
#..............
#...(......##..
#..........# #
..........####
#########.#


You could see an orc.

Vanquished Creatures
  An ice beast (D:4)
  An ogre (D:4)
  A centaur (D:5)
  A bullfrog skeleton (D:4)
  Crazy Yiuf (D:2)
  A hound (D:4)
  2 orc wizards
  Terence (D:2)
  4 worker ants
  3 gnolls (D:4)
  11 adders
  An ooze (D:3)
  3 worms
  5 dart slugs
  2 leopard geckos
  16 orcs
  A ball python (D:4)
  4 giant cockroaches
  9 goblins
  7 hobgoblins
  5 jackals
  10 kobolds
  A quokka (D:3)
  8 bats
  7 frilled lizards
  6 rats
112 creatures vanquished.

Notes
Turn   | Place    | Note
-------+----------+-------------------------------------------
     0 | D:1      | wjh11 the Minotaur Berserker began the quest for the Orb.
     0 | D:1      | Reached XP level 1. HP: 19/19 MP: 0/0
    97 | D:1      | Reached XP level 2. HP: 22/27 MP: 1/1
   245 | D:1      | Reached skill level 4 in Axes
   393 | D:1      | Reached XP level 3. HP: 33/33 MP: 2/2
   520 | D:1      | Reached ** piety under Trog
   841 | D:2      | Reached skill level 5 in Axes
  1215 | D:2      | Reached XP level 4. HP: 35/40 MP: 3/3
  1267 | D:2      | Noticed Terence
  1280 | D:2      | Killed Terence
  1728 | D:2      | Reached skill level 6 in Axes
  2221 | D:2      | Found a runed door.
  2525 | D:2      | Noticed Crazy Yiuf
  2530 | D:2      | Killed Crazy Yiuf
  2530 | D:2      | Reached XP level 5. HP: 30/46 MP: 4/4
  2614 | D:3      | Reached skill level 7 in Axes
  3420 | D:4      | Reached XP level 6. HP: 52/52 MP: 5/5
  3477 | D:4      | Reached skill level 8 in Axes
  3477 | D:4      | Reached *** piety under Trog
  3796 | D:4      | Reached skill level 9 in Axes
  3880 | D:4      | Noticed an ice beast
  3890 | D:4      | Killed an ice beast
  3890 | D:4      | Reached XP level 7. HP: 47/58 MP: 6/6
  4772 | D:4      | Found Fidil's Jewellery Shop.
  5199 | D:5      | Entered Level 5 of the Dungeon
  5236 | D:5      | HP: 2/87 [centaur (5)]
  5237 | D:5      | Reached skill level 10 in Axes
  5245 | D:5      | HP: 1/87 [poisoned by a worker ant]
  5249 | D:5      | Succumbed to a worker ant's poison

Vault maps used:
D:1:      dpeg_arrival_shelter, st_stairs_13, item_on_display_a
D:2:      uniq_terence, uniq_crazy_yiuf_cottage
D:4:      serial_shops, kennysheep_little_box, hangedman_decor_peaks_small
D:5:      first_ration, portal_sewer_entry_a, hex_large

Skill      XL: |  1  2  3  4  5  6  7 |
---------------+----------------------+-----
Axes           | 4 5 6 7 9 10 | 10.3
Fighting       | |  3.9
Armour         | |  2.8
Dodging        | |  2.5

Action                   |  1- 3 |  4- 6 |  7- 9 || total
-------------------------+-------+-------+-------++-------
Melee: Hand axe          |    89 |   149 |    43 ||   281
       Headbutt          |    15 |    19 |     6 ||    40
Invok: Berserk           |       |     4 |     2 ||     6
       Trog's Hand       |       |     2 |       ||     2
 Stab: Sleeping          |     1 |       |       ||     1
  Eat: Chunk             |       |    13 |     2 ||    15
       Ration            |       |       |     1 ||     1
Armor: Animal skin       |    23 |    28 |     9 ||    60
Dodge: Dodged            |    68 |    84 |    27 ||   179

Table legend:
 A = Spawn XP
 B = Non-spawn XP
 C = Spawn XP percentage of total XP
 D = Spawn monster count
 E = Non-spawn monster count
 F = Spawn count percentage of total count
 G = Total turns spent on level
                    A         B        C        D         E        F      G
               +---------+---------+-------+---------+---------+-------+---------
         Total |       0 |    1107 |   0.0 |       0 |     112 |   0.0 |  5249
               +---------+---------+-------+---------+---------+-------+---------
           D:1 |       0 |      50 |   0.0 |       0 |      26 |   0.0 |   614
           D:2 |       0 |     184 |   0.0 |       0 |      31 |   0.0 |  1957
           D:3 |       0 |     132 |   0.0 |       0 |      25 |   0.0 |   792
           D:4 |       0 |     550 |   0.0 |       0 |      24 |   0.0 |  1836
           D:5 |       0 |     191 |   0.0 |       0 |       6 |   0.0 |    50
               +---------+---------+-------+---------+---------+-------+---------
